 Seeded DCSS version 0.30-a0-996-ga6910c8ee8 (webtiles) character file.

Game seed: 56748 (custom seed)

585 Ghostmaker01 the Covered (level 7, -1/62 HPs)
             Began as a Minotaur Fighter on Apr 4, 2023.
             Was an Initiate of Okawaru.
             Killed from afar by an orc wizard (11 damage)
             ... with a puff of flame
             ... on level 5 of the Dungeon.
             The game lasted 00:09:54 (3854 turns).

Ghostmaker01 the Covered (Minotaur Fighter)         Turns: 3854, Time: 00:09:54

Health: -1/62      AC:  7    Str: 23    XL:     7   Next: 15%
Magic:  6/6        EV: 10    Int:  5    God:    Okawaru [......]
Gold:   262        SH:  0    Dex:  9    Spells: 6/6 levels left

rFire   . . .      SeeInvis .    a - +0 war axe
rCold   . . .      Faith    .    c - +0 buckler
rNeg    . . .      Spirit   .    b - +0 scale mail
rPois   .          Reflect  .    (helmet restricted)
rElec   .          Rampage  .    (no cloak)
rCorr   .                        (no gloves)
Will    .....                    (no boots) Stlth
                                 (no amulet)
HPRegen 0.30/turn                (no ring)
MPRegen 0.10/turn                (no ring)

@: confused
A: horns 2, retaliatory headbutt
a: Renounce Religion


You were on level 5 of the Dungeon.
You worshipped Okawaru.
Okawaru was noncommittal.
You visited 2 branches of the dungeon, and saw 6 of its levels.

You collected 262 gold pieces.

Inventory:

Hand Weapons
 a - a +0 war axe (weapon)
Armour
 b - a +0 scale mail (worn)
 c - a +0 buckler (worn)
Jewellery
 k - a ring of poison resistance
 t - the ring of the Burning God {Contam Fly rN++}
   (You found it on level 2 of the Dungeon)

   [ring of flight]

   rN:        It greatly protects you from negative energy.
   Fly:       It grants you flight.
   Contam:    It causes magical contamination when unequipped.
Wands
 s - a wand of iceblast (9)
Scrolls
 i - 2 scrolls of silence {unknown}
 j - 3 scrolls of identify {unknown}
 m - a scroll of vulnerability {unknown}
 o - 4 scrolls of teleportation {unknown}
 p - 2 scrolls of poison {unknown}
 r - 3 scrolls of enchant armour {unknown}
Potions
 d - 3 potions of might
 e - a potion of degeneration {unknown}
 f - 3 potions of resistance {unknown}
 g - 2 potions of attraction {unknown}
 h - 2 potions of brilliance {unknown}
 l - a potion of curing {unknown}
 n - 3 potions of heal wounds {unknown}
 q - a potion of haste {unknown}
 u - a potion of mutation {unknown}
 v - a potion of ambrosia {unknown}
 w - 2 potions of lignification {unknown}


   Skills:
 + Level 5.7 Fighting
 + Level 5.9 Axes
 + Level 6.1 Armour
 + Level 1.5 Dodging
 + Level 0.3 Stealth
 + Level 4.2 Shields


You had 6 spell levels left.
You didn't know any spells.
Your spell library contained the following spells:

 Spells                   Type           Power      Damage    Failure   Level
 Necrotise                Necr           0%         1d4       86%         1
 Ignite Poison            Fire/Tmut/Pois 0%         N/A       99%         3
 Kindle Blastsparks       Fire/Tloc/Air  0%         2d10      99%         3
 Ozocubu's Armour         Ice            0%         N/A       99%         3
 Dispel Undead            Necr           0%         3d6       100%        4
 Agony                    Necr           0%         N/A       100%        5
 Freezing Cloud           Conj/Ice/Air   0%         6-21      100%        5
 Metabolic Englaciation   Hex/Ice        0%         N/A       100%        5
 Necromutation            Tmut/Necr      0%         N/A       100%        8
 Simulacrum               Ice/Necr       Unusable   N/A       N/A         6

Dungeon Overview and Level Annotations

Branches:
Dungeon (5/15)             Temple (1/1) D:5

Altars:
Ashenzari
Cheibriados
Elyvilon
Hepliaklqana
Kikubaaqudgha
Makhleb
Nemelex Xobeh
Okawaru
Qazlal
Trog
Uskayaw
Vehumet
Xom
Yredelemnul
Zin
The Shining One

Shops:
D:2 [=*!


Innate Abilities, Weirdness & Mutations

You have a pair of horns on your head.
You reflexively headbutt those who attack you in melee.


Message History

You closely miss something.
Something hits you but does no damage. x2
You miss something. Something hits you but does no damage.
You hit something. Something hits you but does no damage.
You miss something.
You hear some strange, mumbled words.
You are confused.
You closely miss something. Something hits you but does no damage.
You hear some strange, mumbled words.
A magic dart appears from out of thin air!
The magic dart hits you!
* * * LOW HITPOINT WARNING * * *
You closely miss something. Your headbutt misses something.
You hear some strange, mumbled words.
You are more confused.
You're too confused to move!
Something hits you.
* * * LOW HITPOINT WARNING * * *
You bump into the rock wall.
Something hits you.
* * * LOW HITPOINT WARNING * * *
You miss something.
You hear some strange, mumbled words.
You are more confused.
Something hits you but does no damage. Something hits you but does no damage.
An orc wizard appears from thin air!
Reactivating autopickup.
The orc wizard points at you and mumbles some strange words.
The magic dart hits you!
* * * LOW HITPOINT WARNING * * *
You bump into the rock wall.
The orc wizard points at you and mumbles some strange words.
The puff of flame hits you.
* * * LOW HITPOINT WARNING * * *
You bump into the rock wall.
You bump into the rock wall.
The orc wizard points at you and mumbles some strange words.
The puff of flame misses you.
You bump into the rock wall.
The orc wizard closely misses you.
You bump into the rock wall.
The orc wizard gestures at you while chanting.
The puff of flame hits you!
You die...

# #. # #######...
####.#. #@......#
#.......###o####..# #
#.##............#.##.#.
#†##..#.##.....$#.....
#.# #...........# ###.#
#......###(.# #...#
#.......##..#
#.#.......##.##)##.#...#
#.####.......##.##.#..#


You could see an orc wizard.

Vanquished Creatures
  A black bear (D:5)
  A phantom (D:5)
  A scorpion (D:5)
  An orc priest (D:5)
  A sleepcap (D:3)
  3 iguanas
  3 gnolls (D:4)
  4 adders
  A shadow imp (D:5)
  A white imp (D:5)
  A worm (D:3)
  6 dart slugs
  17 orcs
  3 bats
  4 endoplasms
  14 giant cockroaches
  6 goblins
  7 hobgoblins
  4 jackals (D:4)
  6 kobolds
  8 quokkas
  6 ball pythons
  3 frilled lizards (D:2)
  6 rats
108 creatures vanquished.

Vanquished Creatures (others)
  A fungus (D:5)
1 creature vanquished.

Grand Total: 109 creatures vanquished

Notes
Turn   | Place    | Note
-------+----------+-------------------------------------------
     0 | D:1      | Ghostmaker01 the Minotaur Fighter began the quest for the
                  | Orb.
     0 | D:1      | Reached XP level 1. HP: 19/19 MP: 0/0
   182 | D:1      | Reached XP level 2. HP: 28/28 MP: 1/1
   642 | D:2      | Found Guokaewn's Jewellery Shoppe.
   676 | D:2      | Reached skill level 4 in Armour
   680 | D:2      | Reached XP level 3. HP: 34/34 MP: 2/2
   698 | D:2      | Found Tuguic's Assorted Antiques.
   713 | D:2      | Found Peuxihol's Distillery.
   720 | D:2      | You fall into a shaft and drop 2 floors!
   883 | D:4      | Reached XP level 4. HP: 16/41 MP: 3/3
  1029 | D:4      | Found a shimmering altar of Xom.
  1030 | D:4      | Found a hazy altar of Hepliaklqana.
  1031 | D:4      | Noticed a spectral ugly thing
  1145 | D:4      | Found a burning altar of Makhleb.
  1642 | D:3      | Found a sparkling altar of Nemelex Xobeh.
  1647 | D:3      | Got Serebuots's Anthology of Corpses
  1743 | D:3      | Found a stormy altar of Qazlal.
  1835 | D:3      | Reached XP level 5. HP: 35/47 MP: 4/4
  2106 | D:3      | Reached skill level 5 in Fighting
  2139 | D:3      | Reached skill level 1 in Dodging
  2462 | D:2      | Identified the ring of the Burning God {Contam Fly rN++}
  2554 | D:2      | Reached skill level 5 in Armour
  2674 | D:2      | Found Gianonwu's Antique Armour Shoppe.
  3077 | D:5      | Entered Level 5 of the Dungeon
  3101 | D:5      | Found a staircase to the Ecumenical Temple.
  3137 | D:5      | Reached XP level 6. HP: 54/56 MP: 5/5
  3158 | Temple   | Entered the Ecumenical Temple
  3418 | Temple   | Became a worshipper of Warmaster Okawaru
  3538 | D:5      | Reached skill level 5 in Axes
  3829 | D:5      | Reached skill level 6 in Armour
  3829 | D:5      | Reached XP level 7. HP: 21/62 MP: 6/6
  3854 | D:5      | Killed from afar by an orc wizard

Illustrated notes

Levels and vault maps discovered:
D:1:      lightli_arrival_noodles, layout_loops_ring
D:2:      minmay_roachtagon, layout_loops_cross, serial_shops, shop_statue,
          nicolae_shop_trees, nicolae_shop_overgrown_old_shop, shop,
          minmay_strange_pillars
D:3:      layout_rooms, nemelex_xobeh_ov_fountains_minmay,
          mainiacjoe_overflow_small_starburst, fountainhead
D:4:      layout_loops_ring, regret_index_temple_of_mockery,
          mainiacjoe_overflow_boulevard, hangedman_decor_push
D:5:      layout_loops_cross, temple_statues, serial_aquarium,
          aquarium_bridge_straight [aquarium_subvault_bridge,
          aquarium_subvault_window, aquarium_subvault_bridge,
          aquarium_subvault_wall], aquarium_window_fake, aquarium_window_fake,
          aquarium_window_2, aquarium_view_2b, aquarium_view_2c,
          aquarium_balcony_1a, aquarium_pool_side
Temple:   grunt_temple_mini_profane

Skill      XL: |  1  2  3  4  5  6 |
---------------+-------------------+-----
Fighting       | 4 5 |  5.7
Armour         | 4 5 6 |  6.1
Axes           | 3 4 5 |  5.9
Shields        | 4 |  4.2
Dodging        | 1 |  1.5
Stealth        | |  0.3

Action                     |  1- 3 |  4- 6 |  7- 9 || total
---------------------------+-------+-------+-------++-------
  Melee: War axe           |    73 |   150 |     8 ||   231
         Headbutt          |     8 |    28 |       ||    36
 Armour: Scale mail        |    49 |    77 |    11 ||   137
  Dodge: Dodged            |    44 |    84 |     2 ||   130
  Block: Buckler           |    25 |    36 |       ||    61

Table legend: (Time is in decaauts)
 A = Elapsed time spent in this place.
 B = Non-inter-level travel time spent in this place.
 C = Inter-level travel time spent in this place.
 D = Time resting spent in this place.
 E = Time spent auto-exploring this place.
 F = Levels seen in this place.
 G = Mean time per level.
                   A        B        C        D        E       F      G
               +--------+--------+--------+--------+--------+-----+--------+
         Total |   3936 |   3477 |    459 |      0 |   2782 |   6 |  656.0 |
       Dungeon |   3651 |   3301 |    350 |      0 |   2611 |   5 |  730.2 |
        Temple |    284 |    175 |    109 |      0 |    171 |   1 |  284.0 |
               +--------+--------+--------+--------+--------+-----+--------+

Top non-repeatable levels by time:
     D:4: 944 daAuts
     D:3: 824 daAuts
     D:2: 719 daAuts
     D:1: 658 daAuts
     D:5: 506 daAuts
  Temple: 284 daAuts
